[Event "ICC tourney 1946 (30 5)"]
[Site "Internet Chess Club"]
[Date "2020.08.01"]
[Round "1"]
[White "whyyoutrysohard"]
[Black "ThunderingFish"]
[Result "0-1"]
[ICCResult "White resigns"]
[WhiteElo "1325"]
[BlackElo "1478"]
[Opening "Catalan: closed, 5.Nf3"]
[ECO "E06"]
[NIC "CA.04"]
[Time "12:10:32"]
[TimeControl "1800+5"]

1. d4 Nf6 2. c4 e6 3. g3 d5 4. Nf3 Be7 5. Bg2 O-O 6. O-O b6 7. Nc3 Bb7 8.
Ne5 Nbd7 9. cxd5 Nxd5 10. Nxd7 Qxd7 11. e4 Nxc3 12. bxc3 Rfd8 13. Be3 Rac8
14. Qe2 Qa4 15. Rad1 Ba6 {White resigns} 0-1

[Event "ICC tourney 1946 (30 5)"]
[Site "Internet Chess Club"]
[Date "2020.08.01"]
[Round "1"]
[White "HenriVZ"]
[Black "Atharva10"]
[Result "0-1"]
[ICCResult "White checkmated"]
[WhiteElo "1312"]
[BlackElo "1590"]
[Opening "Giuoco Piano: Anderssen variation"]
[ECO "C54"]
[NIC "IG.02"]
[Time "12:11:24"]
[TimeControl "1800+5"]

1. e4 e5 2. Nf3 Nc6 3. Bc4 Bc5 4. c3 Nf6 5. d4 exd4 6. e5 d5 7. Bb5 Ne4 8.
cxd4 Bb4+ 9. Bd2 Nxd2 10. Nbxd2 O-O 11. O-O Ne7 12. a3 Ba5 13. b4 Bb6 14.
Re1 c6 15. Bd3 Ng6 16. Nf1 Bg4 17. Ng3 Bxd4 18. Rc1 Bxf3 19. Qxf3 Qg5 20. e6
fxe6 21. Qe2 Bxf2+ 22. Kh1 Bxe1 23. Qxe6+ Kh8 24. Rxe1 Nf4 25. Qe3 d4 26.
Qe4 Nxd3 27. Qxd3 Rae8 28. Rd1 Qe3 29. Qb1 d3 30. Rf1 Rxf1+ 31. Qxf1 d2 32.
Nf5 Qe1 33. Ng3 d1=Q 34. h3 Qxf1+ 35. Nxf1 Qxf1+ 36. Kh2 Re2 37. Kg3 Rxg2+
38. Kh4 Qf4+ 39. Kh5 g6# {White checkmated} 0-1

[Event "ICC tourney 1946 (30 5)"]
[Site "Internet Chess Club"]
[Date "2020.08.01"]
[Round "1"]
[White "Viking21"]
[Black "pika0008"]
[Result "1-0"]
[ICCResult "Black resigns"]
[WhiteElo "1698"]
[BlackElo "1368"]
[Opening "Sicilian: Alapin's variation (2.c3)"]
[ECO "B22"]
[NIC "SI.46"]
[Time "12:10:51"]
[TimeControl "1800+5"]

1. e4 c5 2. c3 Nc6 3. d4 cxd4 4. cxd4 d5 5. exd5 Qxd5 6. Nf3 Nf6 7. Nc3 Qd8
8. d5 Nb4 9. Qa4+ Bd7 10. Qxb4 e6 11. Qxb7 Rb8 12. Qxa7 exd5 13. Ne5 Bd6 14.
Nxd7 Nxd7 15. Bb5 Bc7 16. Qa4 Qe7+ 17. Be3 O-O 18. Nxd5 Qe5 19. Nxc7 Qxc7
20. Bxd7 Rxb2 21. O-O Rd8 22. Bg4 Qe7 23. Bf3 Rb4 24. Qa7 Rd7 25. Qc5 Qh4
26. g3 {Black resigns} 1-0

[Event "ICC tourney 1946 (30 5)"]
[Site "Internet Chess Club"]
[Date "2020.08.01"]
[Round "1"]
[White "BranKing"]
[Black "KnightRyder3"]
[Result "1-0"]
[ICCResult "Black resigns"]
[WhiteElo "1493"]
[BlackElo "1296"]
[Opening "Sicilian: Canal-Sokolsky attack, 3...Bd7"]
[ECO "B52"]
[NIC "SI.01"]
[Time "12:11:24"]
[TimeControl "1800+5"]

1. e4 c5 2. Nf3 d6 3. Bb5+ Bd7 4. Bxd7+ Qxd7 5. O-O Nc6 6. c3 Nf6 7. Re1 g6
8. d4 cxd4 9. cxd4 Bg7 10. Nc3 O-O 11. Bg5 h6 12. Bh4 Rac8 13. Qe2 Qc7 14.
e5 dxe5 15. dxe5 Nd7 16. Nd5 Qd8 17. e6 Nf6 18. Nxf6+ exf6 19. e7 Nxe7 20.
Qxe7 Rc7 21. Qa3 a6 22. Bg3 Rd7 23. h3 f5 24. Be5 Bxe5 25. Nxe5 Rd5 26. Qb3
Rd6 27. Rad1 Rxd1 28. Rxd1 Qg5 29. Qxb7 Kg7 30. Qxa6 Qe7 31. Nf3 Re8 32. Qd3
Ra8 33. a3 Rb8 34. Qd4+ Kg8 35. b4 Ra8 36. Ra1 Rd8 37. Qc3 Qd7 38. a4 Ra8
39. a5 Qb5 40. Qc5 Qb7 41. b5 Rb8 42. a6 Qa8 43. b6 Qe4 44. a7 Ra8 45. Re1
Qb7 46. Re7 Qa6 47. b7 {Black resigns} 1-0

[Event "ICC tourney 1946 (30 5)"]
[Site "Internet Chess Club"]
[Date "2020.08.01"]
[Round "1"]
[White "MARMAYOGI11"]
[Black "OctopusYule"]
[Result "1-0"]
[ICCResult "Black resigns"]
[WhiteElo "1630"]
[BlackElo "1353"]
[Opening "Queen's bishop game"]
[ECO "D02"]
[NIC "QP.06"]
[Time "12:13:24"]
[TimeControl "1800+5"]

1. d4 Nf6 2. Nf3 d5 3. Bf4 e6 4. e3 c5 5. c3 Nc6 6. Nbd2 Bd6 7. Bg3 O-O 8.
Bd3 b6 9. Qe2 Bb7 10. Ne5 Qc7 11. f4 h6 12. O-O Ne7 13. Qf3 Rac8 14. Bh4 Nd7
15. Qh3 f5 16. Rf3 Nf6 17. Bxf6 Rxf6 18. Rg3 Bxe5 19. fxe5 Rg6 20. Rxg6 Nxg6
21. g4 fxg4 22. Qxg4 Nf8 23. Rf1 Qe7 24. Nf3 Nh7 25. h4 Kh8 26. Kg2 Qe8 27.
h5 Rc7 28. Nh4 Bc8 29. Bg6 Qe7 30. Bxh7 Kxh7 31. Ng6 Qg5 32. Qxg5 hxg5 33.
Rf8 {Black resigns} 1-0

[Event "ICC tourney 1946 (30 5)"]
[Site "Internet Chess Club"]
[Date "2020.08.01"]
[Round "1"]
[White "Frankiechess11"]
[Black "meghna"]
[Result "1-0"]
[ICCResult "Black checkmated"]
[WhiteElo "1517"]
[BlackElo "1799"]
[Opening "French: Steinitz variation"]
[ECO "C11"]
[NIC "FR.04"]
[Time "12:11:16"]
[TimeControl "1800+5"]

1. e4 e6 2. d4 d5 3. Nc3 Nf6 4. e5 Nfd7 5. Nf3 Be7 6. Bd3 a6 7. Bf4 c5 8.
dxc5 Nxc5 9. Be2 Nc6 10. Be3 b5 11. a3 Bb7 12. O-O Qc7 13. Bf4 O-O 14. Bg3
Rad8 15. Bd3 Nxd3 16. Qxd3 Na5 17. Nd2 Rd7 18. Rad1 Rfd8 19. b4 Nc6 20. Rfe1
Rc8 21. Na2 Nb8 22. c3 Rdd8 23. Nb3 Nd7 24. f4 Nb6 25. Nd4 Nc4 26. Re2 Nxa3
27. f5 Qd7 28. Nc1 Bg5 29. Ncb3 Be7 30. f6 Bf8 31. fxg7 Bxg7 32. Nc5 Qe7 33.
Rf1 Nc4 34. Qf3 Rc7 35. Qh5 h6 36. Bh4 Qe8 37. Bf6 Kh7 38. Bxg7 Kxg7 39. Rf6
Qh8 40. Ncxe6+ Kg8 41. Qg4+ Kh7 42. Ref2 Nxe5 43. Rxf7+ Rxf7 44. Rxf7+ Nxf7
45. Qf5+ Kg8 46. Qg6+ Qg7 47. Qxg7# {Black checkmated} 1-0

[Event "ICC tourney 1946 (30 5)"]
[Site "Internet Chess Club"]
[Date "2020.08.01"]
[Round "1"]
[White "Telos53"]
[Black "Roger436"]
[Result "1-0"]
[ICCResult "Black checkmated"]
[WhiteElo "1510"]
[BlackElo "1331"]
[Opening "King's Indian, 3.Nf3"]
[ECO "E90"]
[NIC "KI.20"]
[Time "12:10:50"]
[TimeControl "1800+5"]

1. d4 Nf6 2. Nf3 g6 3. c4 Bg7 4. Nc3 O-O 5. e4 d6 6. h3 e5 7. d5 a5 8. Bg5
h6 9. Be3 Nh5 10. Qd2 g5 11. g4 Nf4 12. Ne2 Nd7 13. Ng3 Nf6 14. Bd3 b6 15.
Rc1 Nd7 16. Nf5 Nc5 17. Bxf4 exf4 18. Nxg7 Kxg7 19. Qc3+ f6 20. Nd4 Qe8 21.
f3 Bd7 22. Kf2 Rf7 23. h4 Qe7 24. hxg5 hxg5 25. Rh5 Qe5 26. Rch1 Rg8 27. Bc2
Kf8 28. a3 Ba4 29. Bxa4 Nxa4 30. Ne6+ Ke7 31. Qxe5 fxe5 32. Nxg5 Rf6 33.
Rh7+ Kd8 34. Ne6+ Kc8 35. Rxc7+ Kb8 36. Rhh7 Nxb2 37. Rb7+ Kc8 38. Rhc7#
{Black checkmated}
1-0

[Event "ICC tourney 1946 (30 5)"]
[Site "Internet Chess Club"]
[Date "2020.08.01"]
[Round "1"]
[White "WCCJCS"]
[Black "NK3"]
[Result "0-1"]
[ICCResult "White checkmated"]
[WhiteElo "1551"]
[BlackElo "1832"]
[Opening "Sicilian: dragon variation"]
[ECO "B73"]
[NIC "SI.15"]
[Time "12:11:24"]
[TimeControl "1800+5"]

1. e4 c5 2. Nf3 d6 3. d4 cxd4 4. Nxd4 Nf6 5. Nc3 g6 6. Be2 Bg7 7. O-O O-O 8.
Be3 Nc6 9. f4 Qb6 10. Rb1 Nxe4 11. Nxe4 Bxd4 12. Bxd4 Qxd4+ 13. Qxd4 Nxd4
14. Bd3 Be6 15. c3 Nf5 16. b3 Rac8 17. c4 Nd4 18. Ng5 Bf5 19. Bxf5 Nxf5 20.
Rfe1 h5 21. Rbd1 Rfd8 22. Rd2 Rc7 23. Kf2 Rcd7 24. Red1 Kg7 25. c5 d5 26. b4
d4 27. Nf3 f6 28. Rd3 Rd5 29. R1d2 Kh6 30. h3 h4 31. a4 e5 32. fxe5 fxe5 33.
Re2 Ne3 34. Rexe3 dxe3+ 35. Rxe3 Re8 36. Nxh4 Rd4 37. Nf3 Rxb4 38. Nxe5 Rf8+
39. Rf3 Rxf3+ 40. gxf3 Rxa4 41. c6 bxc6 42. Nxc6 a5 43. Kg3 Ra1 44. Nxa5
Rxa5 45. f4 Kh5 46. h4 Ra3+ 47. Kf2 Kxh4 48. Ke2 Kg4 49. Kd2 Kxf4 50. Kc2
Ke4 51. Kb2 Rd3 52. Kc2 Kd4 53. Kc1 Kc3 54. Kb1 Rd2 55. Kc1 g5 56. Kb1 Rc2
57. Ka1 Kb3 58. Kb1 g4 59. Ka1 Rc1# {White checkmated} 0-1

[Event "ICC tourney 1946 (30 5)"]
[Site "Internet Chess Club"]
[Date "2020.08.01"]
[Round "1"]
[White "ryanwang"]
[Black "WCCJCB"]
[Result "0-1"]
[ICCResult "White resigns"]
[WhiteElo "1473"]
[BlackElo "1685"]
[Opening "Sicilian: Najdorf, Opocensky variation"]
[ECO "B92"]
[NIC "SI.11"]
[Time "12:11:17"]
[TimeControl "1800+5"]

1. e4 c5 2. Nf3 d6 3. d4 cxd4 4. Nxd4 Nf6 5. Nc3 a6 6. Be2 e5 7. Nb3 Be7 8.
O-O O-O 9. a4 Be6 10. Bf3 Nbd7 11. a5 Qc7 12. Nd5 Nxd5 13. exd5 Bf5 14. c3
Bg6 15. Be2 f5 16. f4 Nf6 17. Be3 Rac8 18. c4 Qd7 19. Rc1 h5 20. fxe5 dxe5
21. Bg5 Qa4 22. Ra1 Qb4 23. Bd2 Qd6 24. Bg5 Rfd8 25. h4 Ng4 26. c5 Rxc5 27.
Nxc5 Qxc5+ 28. Kh1 Bxg5 29. Bxg4 hxg4 30. hxg5 Kf7 31. g3 Rh8+ 32. Kg2 f4
33. Ra4 f3+ 34. Rxf3+ gxf3+ 35. Qxf3+ Ke8 36. Rh4 Rf8 37. Qe2 Qxd5+ 38. Kg1
Bd3 39. Qh5+ g6 {White resigns} 0-1

[Event "ICC tourney 1946 (30 5)"]
[Site "Internet Chess Club"]
[Date "2020.08.01"]
[Round "1"]
[White "Joelpaulg"]
[Black "karuto2006"]
[Result "1-0"]
[ICCResult "Black resigns"]
[WhiteElo "1515"]
[BlackElo "1380"]
[Opening "Ruy Lopez: Worrall attack, solid line"]
[ECO "C77"]
[NIC "RL.12"]
[Time "12:10:38"]
[TimeControl "1800+5"]

1. e4 e5 2. Nf3 Nc6 3. Bb5 a6 4. Ba4 Nf6 5. Qe2 b5 6. Bb3 Be7 7. O-O d6 8.
c3 O-O 9. d4 Bg4 10. Rd1 Qc8 11. d5 Na5 12. Bc2 c6 13. Nbd2 cxd5 14. exd5
Bf5 15. Bxf5 Qxf5 16. Nf1 Ne4 17. Re1 Nf6 18. Ng3 Qg6 19. Rd1 Nd7 20. h4 f5
21. Bg5 Bxg5 22. Nxg5 Nb7 23. Ne6 Rfc8 24. Nh5 Nbc5 25. Nhxg7 e4 26. h5 Qf6
27. f3 Ne5 28. fxe4 Nxe4 29. Rf1 Ng3 30. Qe3 Nxf1 31. Rxf1 Ng4 32. Qh3 Qe5
33. Nxf5 Rc4 34. Ne7+ Kh8 35. Ng6+ {Black resigns} 1-0

[Event "ICC tourney 1946 (30 5)"]
[Site "Internet Chess Club"]
[Date "2020.08.01"]
[Round "1"]
[White "NonnaThat"]
[Black "chessmaster0981"]
[Result "1-0"]
[ICCResult "Black checkmated"]
[WhiteElo "1726"]
[BlackElo "1339"]
[Opening "French: Steinitz, Boleslavsky variation"]
[ECO "C11"]
[NIC "FR.04"]
[Time "12:11:24"]
[TimeControl "1800+5"]

1. e4 e6 2. d4 d5 3. Nc3 Nf6 4. e5 Nfd7 5. f4 c5 6. Nf3 Nc6 7. Be3 Be7 8.
Qd2 a6 9. Be2 O-O 10. O-O-O c4 11. f5 exf5 12. Nxd5 b5 13. h4 Bb7 14. h5 Rc8
15. Kb1 a5 16. Nxe7+ Nxe7 17. Bg5 f6 18. exf6 Nxf6 19. h6 Ne4 20. Qe3 g6 21.
Nd2 Nd5 22. Qxe4 Qxg5 23. Qe6+ Rf7 24. Bf3 Rd8 25. Bxd5 Bxd5 26. Qb6 Rb7 27.
Qxa5 b4 28. Nf3 Qf6 29. Ne5 Bxg2 30. Rhg1 Be4 31. Nxc4 Rxd4 32. Qa8+ Kf7 33.
Qc8 Rbd7 34. Qxd7+ Rxd7 35. Rxd7+ Ke8 36. Rgd1 Qc6 37. Rd8+ Ke7 38. b3 f4
39. R8d6 Qb7 40. Re1 Kf8 41. Re6 Bc6 42. Na5 Qc7 43. Nxc6 Qd7 44. Rf6+ Kg8
45. Ne7+ Kh8 46. Rf8# {Black checkmated} 1-0

[Event "ICC tourney 1946 (30 5)"]
[Site "Internet Chess Club"]
[Date "2020.08.01"]
[Round "1"]
[White "goodcrowdchess"]
[Black "mydogeatschess"]
[Result "0-1"]
[ICCResult "White forfeits on time"]
[WhiteElo "1348"]
[BlackElo "1521"]
[Opening "Scotch: Schmidt variation"]
[ECO "C45"]
[NIC "SO.03"]
[Time "12:10:36"]
[TimeControl "1800+5"]

1. e4 e5 2. Nf3 Nc6 3. d4 exd4 4. Nxd4 Nf6 5. Nc3 Bb4 6. Nxc6 bxc6 7. Bd3 d5
8. exd5 O-O 9. O-O cxd5 10. Bg5 c6 11. Qf3 Qd6 12. Bxf6 Qxf6 13. Qxf6 gxf6
14. a3 Bd6 15. Rad1 a5 16. Rfe1 Bg4 17. f3 Bh5 18. Bf5 Rab8 19. Bd7 Rxb2 20.
Bxc6 Rc8 21. Nxd5 Kg7 22. Ba4 Bg6 23. Re2 Bxc2 24. Bxc2 Rcxc2 25. Rxc2 Rxc2
26. a4 Bc5+ 27. Kh1 Rc4 28. h3 Rxa4 29. Kh2 Bd6+ 30. Kg1 Be5 31. Kf2 Ra2+
32. Kf1 a4 33. f4 Ra1 34. Ke2 Rxd1 35. Kxd1 Bd6 36. Kc2 Kg6
{White forfeits on time}
0-1

[Event "ICC tourney 1946 (30 5)"]
[Site "Internet Chess Club"]
[Date "2020.08.01"]
[Round "1"]
[White "Taechess"]
[Black "Ben2008"]
[Result "0-1"]
[ICCResult "White resigns"]
[WhiteElo "1928"]
[BlackElo "1727"]
[Opening "Sicilian: Canal-Sokolsky attack, 3...Bd7"]
[ECO "B52"]
[NIC "SI.01"]
[Time "12:11:03"]
[TimeControl "1800+5"]

1. e4 c5 2. Nf3 d6 3. Bb5+ Bd7 4. Bxd7+ Qxd7 5. O-O Nf6 6. Re1 Nc6 7. c3 e6
8. d4 cxd4 9. cxd4 Be7 10. Nc3 O-O 11. h3 Rac8 12. Bg5 h6 13. Bh4 Nh7 14. d5
Ne5 15. Nxe5 dxe5 16. Bxe7 Qxe7 17. Qb3 Nf6 18. Rad1 exd5 19. Nxd5 Nxd5 20.
exd5 Rfd8 21. Re2 f6 22. d6+ Qf7 23. Qa4 Qc4 24. Re4 Qc2 25. Rd5 Qxa4 26.
Rxa4 a6 27. Rb4 b5 28. a4 bxa4 29. Rxa4 Rc6 30. d7 Kf7 31. Rda5 Rxd7 32.
Rxa6 Rxa6 33. Rxa6 Rd1+ 34. Kh2 Rd2 35. Ra7+ Kg6 36. b4 Rxf2 37. b5 Rb2 38.
Rb7 e4 39. Kg3 f5 40. b6 Rb3+ 41. Kf2 f4 42. Rb8 Rb2+ 43. Kf1 e3 44. b7 Kg5
45. Ke1 g6 46. Kf1 h5 47. Ke1 Kh4 48. Rf8 Rxb7 49. Rxf4+ Kg3 50. Rf3+ Kxg2
51. Rxe3 g5 52. Ra3 h4 53. Ke2 Rb2+ 54. Ke1 g4 55. Re3 g3 56. Rd3 Kh2 57.
Rf3 g2 58. Rf2 Rxf2 59. Kxf2 g1=Q+ {White resigns} 0-1

[Event "ICC tourney 1946 (30 5)"]
[Site "Internet Chess Club"]
[Date "2020.08.01"]
[Round "1"]
[White "tcrgm"]
[Black "VincentT2008"]
[Result "0-1"]
[ICCResult "White resigns"]
[WhiteElo "1493"]
[BlackElo "1363"]
[Opening "Giuoco Pianissimo"]
[ECO "C55"]
[NIC "IG.01"]
[Time "12:10:29"]
[TimeControl "1800+5"]

1. e4 e5 2. Nf3 Nc6 3. Bc4 Nf6 4. d3 Bc5 5. c3 d6 6. O-O h6 7. h3 O-O 8. Re1
a6 9. d4 Ba7 10. d5 Ne7 11. Be3 Bxe3 12. Rxe3 Ng6 13. Nbd2 Nf4 14. Bd3 Qd7
15. Nh2 Qe7 16. Qf3 Nh7 17. Qg3 Ng5 18. h4 Nh7 19. Be2 Nf6 20. Bg4 Nxg4 21.
Nxg4 Nh5 22. Qh3 f5 23. exf5 Bxf5 24. Nf1 Qf7 25. f3 Qxd5 26. Nfh2 Kh8 27.
g3 Rae8 28. Qg2 Qc5 29. Qf2 Nf6 30. Nxf6 Rxf6 31. g4 Bd7 32. Rf1 Rf4 33. Qd2
Bc6 34. Kf2 Ref8 35. Ke1 Qc4 36. b3 Qf7 37. Kd1 e4 38. Kc1 exf3 39. c4 Qf6
40. Qb2 Qxb2+ 41. Kxb2 f2 42. Kc2 Bg2 43. Rd1 f1=Q 44. Nxf1 Rxf1 45. Rxf1
Rxf1 46. Re7 Rf2+ 47. Kc3 c5 48. g5 hxg5 49. hxg5 Rxa2 50. g6 Bc6 51. Rf7
Kg8 52. Kd3 Rg2 53. Ke3 Rxg6 54. Kf4 Rf6+ 55. Rxf6 gxf6 56. Kf5 Kf7 57. Kf4
Ke6 {White resigns} 0-1

[Event "ICC tourney 1946 (30 5)"]
[Site "Internet Chess Club"]
[Date "2020.08.01"]
[Round "1"]
[White "JunlinTheWorld"]
[Black "playtowin2020"]
[Result "0-1"]
[ICCResult "White checkmated"]
[WhiteElo "1611"]
[BlackElo "1306"]
[Opening "Sicilian: accelerated fianchetto, modern variation with Bc4"]
[ECO "B35"]
[NIC "SI.33"]
[Time "12:10:55"]
[TimeControl "1800+5"]

1. e4 c5 2. Nf3 g6 3. d4 cxd4 4. Nxd4 Nc6 5. Nc3 Bg7 6. Be3 Nf6 7. Bc4 O-O
8. Bb3 a5 9. a4 Ng4 10. Qxg4 Nxd4 11. Qd1 Nxb3 12. cxb3 d6 13. Bd4 f5 14.
Bxg7 Kxg7 15. O-O Be6 16. Qd4+ Kg8 17. b4 axb4 18. Qxb4 Qd7 19. a5 Rfc8 20.
exf5 gxf5 21. b3 Rc5 22. Rfd1 Qc6 23. Rd3 Bf7 24. Rg3+ Kf8 25. h3 f4 26. Rf3
e5 27. Ne4 Rd5 28. Rc3 Qa6 29. f3 Rd4 30. Qa3 Bg6 31. Ng5 Rd2 32. Qc1 Qa7+
33. Kh1 Qf2 34. Qg1 Qg3 35. Ne6+ Ke7 36. Nc7 Rg8 37. Rd1 Rxd1 38. Qxd1 Bf5
39. Qf1 Qh4 40. Nd5+ Kf8 41. Rc7 Rg3 42. Rxb7 Bxh3 43. gxh3 Rxh3+ 44. Qxh3
Qxh3+ 45. Kg1 Qg3+ 46. Kf1 Qxf3+ 47. Ke1 Qxd5 48. Rb8+ Ke7 49. b4 Qa2 50.
Rb7+ Ke6 51. Rb6 f3 52. a6 Qe2# {White checkmated} 0-1

[Event "ICC tourney 1946 (30 5)"]
[Site "Internet Chess Club"]
[Date "2020.08.01"]
[Round "1"]
[White "tigertiger2019"]
[Black "BreatheChessAls"]
[Result "0-1"]
[ICCResult "White checkmated"]
[WhiteElo "1316"]
[BlackElo "1482"]
[Opening "QGD Slav defense"]
[ECO "D10"]
[NIC "SL.01"]
[Time "12:10:41"]
[TimeControl "1800+5"]

1. d4 d5 2. c4 c6 3. e3 Nf6 4. Bd3 e6 5. Nf3 Bd6 6. O-O O-O 7. b3 Ne4 8. Bb2
f5 9. Qe2 Rf6 10. Nc3 Rh6 11. g3 g5 12. Ne5 g4 13. Bxe4 dxe4 14. Nxg4 fxg4
15. Qxg4+ Rg6 16. Qxe4 Nd7 17. d5 Nf6 18. Qf3 exd5 19. cxd5 Bh3 20. Rfe1 Qd7
21. dxc6 bxc6 22. Ne4 Nxe4 23. Qxe4 Re8 24. Qd4 Be5 25. Qxd7 Bxd7 26. Bxe5
Rxe5 27. Rad1 Rg7 28. Rd6 Rd5 29. Rxd5 cxd5 30. Rd1 Bc6 31. Rc1 Bb7 32. Kf1
Rd7 33. Rd1 Kf7 34. Ke1 Ke6 35. Rd4 Kd6 36. Kd2 Rf7 37. Ke1 Rc7 38. Kd1 Rf7
39. f4 h5 40. Ke1 Re7 41. Kf2 Re4 42. Rd2 Bc8 43. Rc2 Bf5 44. Rc1 Re8 45.
Kf3 Bg4+ 46. Kf2 Bf5 47. Kf3 Rb8 48. Kf2 a5 49. Ke1 a4 50. Rc3 axb3 51. axb3
Ra8 52. b4 Ra1+ 53. Kf2 Rb1 54. Ra3 Rxb4 55. Ra6+ Kc5 56. Rh6 Rb2+ 57. Kg1
Rb1+ 58. Kf2 Bg4 59. h3 Bxh3 60. Rxh5 Rf1+ 61. Ke2 Bg4+ 62. Kxf1 Bxh5 63.
Kg2 Bg4 64. f5 Kd6 65. f6 Ke6 66. f7 Kxf7 67. Kf2 Ke6 68. Ke1 Ke5 69. Kd2
Ke4 70. Ke1 Kxe3 71. Kf1 d4 72. Kg2 d3 73. Kf1 d2 74. Kg2 d1=Q 75. Kh2 Qe2+
76. Kg1 Qf2+ 77. Kh1 Bf3# {White checkmated} 0-1

[Event "ICC tourney 1946 (30 5)"]
[Site "Internet Chess Club"]
[Date "2020.08.01"]
[Round "1"]
[White "xx99754539"]
[Black "HarleyQueen8"]
[Result "1-0"]
[ICCResult "Black checkmated"]
[WhiteElo "2081"]
[BlackElo "1552"]
[Opening "Sicilian: Richter-Rauzer, Rauzer attack, 7...a6 defense, 8...Bd7"]
[ECO "B67"]
[NIC "SI.30"]
[Time "12:11:24"]
[TimeControl "1800+5"]

1. e4 c5 2. Nf3 d6 3. d4 cxd4 4. Nxd4 Nf6 5. Nc3 Nc6 6. Bg5 e6 7. Qd2 a6 8.
O-O-O Bd7 9. f3 Be7 10. Kb1 Nxd4 11. Qxd4 Bc6 12. h4 O-O 13. h5 h6 14. Be3
b5 15. g4 Nd7 16. g5 Bxg5 17. Bxg5 Qxg5 18. Qxd6 Rac8 19. Bh3 Rfd8 20. f4
Qc5 21. Qd3 b4 22. Ne2 Bb5 23. Qd2 Nf8 24. Nd4 Ba4 25. b3 Bb5 26. Rhg1 a5
27. Qg2 g6 28. hxg6 Nxg6 29. Bxe6 Rxd4 30. Qxg6+ Kf8 31. Qxf7#
{Black checkmated}
1-0

[Event "ICC tourney 1946 (30 5)"]
[Site "Internet Chess Club"]
[Date "2020.08.01"]
[Round "1"]
[White "FL2009"]
[Black "saiabhi29"]
[Result "0-1"]
[ICCResult "White resigns"]
[WhiteElo "1456"]
[BlackElo "1664"]
[Opening "Sicilian: Nimzovich-Rossolimo attack (with ...g6, without ...d6)"]
[ECO "B31"]
[NIC "SI.31"]
[Time "12:11:24"]
[TimeControl "1800+5"]

1. e4 c5 2. Nf3 Nc6 3. Bb5 g6 4. d4 cxd4 5. Nxd4 Bg7 6. Bxc6 dxc6 7. c3 Nf6
8. f3 O-O 9. O-O Qc7 10. Qe2 a6 11. Be3 c5 12. Nc2 b6 13. Rd1 Bb7 14. Nd2 a5
15. a4 Ba6 16. Qe1 Nd7 17. Nf1 Ne5 18. Qg3 Qc6 19. Bg5 Nd3 20. Bxe7 Rfe8 21.
Qd6 Qxd6 22. Bxd6 Nxb2 23. Rdb1 Bxc3 24. Ra3 Bg7 25. Nfe3 Re6 26. e5 Nc4 27.
Nxc4 Bxc4 28. Rxb6 Bxe5 29. Bxc5 Rxb6 30. Bxb6 Rb8 31. Bxa5 Rb1+ 32. Ne1
Bd4+ 33. Kh1 Bf2 34. h3 Bxe1 35. Bxe1 Rxe1+ 36. Kh2 Re8 37. a5 Ra8 38. h4
Kg7 39. Kg3 Kf6 40. Kf4 Ke6 41. Ke4 Kd6 42. g4 Kc6 43. h5 Kb5 44. hxg6 hxg6
45. Kd4 Be6 46. g5 Rd8+ 47. Ke3 Ka6 48. f4 Rd5 49. Ra4 Bf5 50. Kf3 Rxa5 51.
Rd4 Ra3+ 52. Ke2 Kb6 53. Rd6+ Kc5 54. Rf6 Ra7 55. Ke3 Re7+ 56. Kf3 Kd5 57.
Ra6 Rc7 58. Ra5+ Rc5 59. Ra7 Rc3+ 60. Kf2 Be6 61. Ra5+ Ke4 62. Ra4+ Rc4 63.
Rxc4+ Bxc4 64. Kg3 Be6 65. Kh4 Kf5 66. Kg3 Bd5 67. Kh4 Kxf4 68. Kh3 Kxg5 69.
Kg3 Kf5 70. Kh4 Kf4 71. Kh3 g5 72. Kh2 Kf3 73. Kh3 g4+ 74. Kh2 g3+ 75. Kg1
g2 76. Kh2 Kf2 77. Kh3 g1=Q {White resigns} 0-1

[Event "ICC tourney 1946 (30 5)"]
[Site "Internet Chess Club"]
[Date "2020.08.01"]
[Round "1"]
[White "gardemarin13"]
[Black "tricksterssbu"]
[Result "1-0"]
[ICCResult "Black resigns"]
[WhiteElo "1593"]
[BlackElo "1493"]
[Opening "Scotch gambit"]
[ECO "C44"]
[NIC "SO.06"]
[Time "12:11:24"]
[TimeControl "1800+5"]

1. e4 e5 2. Nf3 Nc6 3. d4 exd4 4. Bc4 Bc5 5. c3 d3 6. Qxd3 d6 7. Bg5 Nf6 8.
b4 Bb6 9. a4 a6 10. O-O O-O 11. Nbd2 Be6 12. Bxe6 fxe6 13. Nc4 Ba7 14. b5
Ne7 15. b6 Bxb6 16. Nxb6 cxb6 17. Rfd1 d5 18. Bxf6 Rxf6 19. exd5 Qxd5 20.
Qe3 Qc5 21. Qxc5 bxc5 22. Rd7 Nd5 23. c4 Nb6 24. Rxb7 Nxc4 25. Rc7 Na5 26.
Rd1 Rb8 27. h3 Rbf8 28. Rxc5 Nb7 29. Rc7 Nd8 30. Rdd7 R6f7 31. Ng5 Rxd7 32.
Rxd7 h6 33. Ne4 a5 34. Ra7 Nc6 35. Ra6 Rc8 36. Nd6 Rc7 37. Nc4 Nb4 38. Ra8+
Kh7 39. Nxa5 Rc1+ 40. Kh2 Ra1 41. Nc4 Nd3 42. f3 Ra2 43. a5 Nf4 44. Ne3 Nd5
45. Nxd5 exd5 46. a6 Kg6 47. Kg1 d4 48. Kf1 d3 49. Rd8 Ra1+ 50. Kf2 Ra2+ 51.
Ke3 Rxa6 52. Rxd3 Ra2 53. Rd2 Ra3+ 54. Kf2 Kf5 55. Rd4 g5 56. g4+ Ke5 57.
Rb4 Rc3 58. Rb6 Kf4 59. Rf6+ Ke5 60. Rxh6 Kf4 61. Rf6+ Ke5 62. Rf5+ Kd4 63.
Rxg5 Rc2+ 64. Kg3 Rc1 65. Rg8 Rg1+ 66. Kf2 Rc1 67. Re8 Rh1 68. Kg2 Rc1 69.
f4 Rc2+ 70. Kg3 Rc7 71. f5 Kd5 72. g5 Kd6 73. f6 Rf7 74. h4 Kd7 75. Re2
{Black resigns}
1-0

[Event "ICC tourney 1946 (30 5)"]
[Site "Internet Chess Club"]
[Date "2020.08.01"]
[Round "1"]
[White "Zuiopal"]
[Black "gz99754539"]
[Result "0-1"]
[ICCResult "White checkmated"]
[WhiteElo "1463"]
[BlackElo "1991"]
[Opening "QGD: exchange, positional line, 5...c6"]
[ECO "D35"]
[NIC "QO.16"]
[Time "12:15:14"]
[TimeControl "1800+5"]

1. d4 Nf6 2. c4 e6 3. Nc3 d5 4. cxd5 exd5 5. Bg5 c6 6. e3 Be7 7. Bd3 O-O 8.
Qc2 h6 9. Bh4 Re8 10. Nge2 Nbd7 11. O-O Ne4 12. Bxe7 Qxe7 13. Bxe4 dxe4 14.
Ng3 Nf6 15. Rab1 b6 16. b4 Ba6 17. b5 cxb5 18. Nxb5 Nd5 19. Rfc1 Rac8 20.
Qb3 Bxb5 21. Qxb5 Nc3 22. Qa6 Qe6 23. Rb2 Rc7 24. Rbc2 Rec8 25. Ne2 Nxe2+
26. Qxe2 Qxa2 27. Rxa2 Rxc1+ 28. Qf1 Rxf1+ 29. Kxf1 a5 30. Ke2 f5 31. Rb2
Rc6 32. d5 Rd6 33. Rb5 Kf7 34. Kd2 Kf6 35. Kc3 Ke5 36. Kc4 g5 37. g3 h5 38.
h3 a4 39. Kb4 Rxd5 40. Rxb6 Rd2 41. Rb5+ Ke6 42. Kxa4 Rxf2 43. Rb6+ Kd5 44.
Rh6 Rf3 45. Rxh5 Rxg3 46. h4 Rxe3 47. hxg5 Rg3 48. g6 Ke5 49. Rh6 e3 50. Rh2
Rxg6 51. Kb3 Ke4 52. Kc3 Rc6+ 53. Kb2 f4 54. Rh8 Kf3 55. Rh3+ Kg2 56. Rh4 f3
57. Rg4+ Kf2 58. Rh4 e2 59. Rh2+ Ke3 60. Rh1 f2 61. Rh3+ Kd2 62. Rh8 Rd6 63.
Rc8 e1=Q 64. Rc2+ Ke3 65. Rc3+ Rd3 66. Rc8 Qe2+ 67. Kb1 Rd1+ 68. Rc1 f1=Q
69. Rxd1 Qfxd1# {White checkmated} 0-1

[Event "ICC tourney 1946 (30 5)"]
[Site "Internet Chess Club"]
[Date "2020.08.01"]
[Round "2"]
[White "clair"]
[Black "Taechess"]
[Result "0-1"]
[ICCResult "White resigns"]
[WhiteElo "1499"]
[BlackElo "1931"]
[Opening "Queen's pawn"]
[ECO "A40"]
[NIC "QO.17"]
[Time "13:42:36"]
[TimeControl "1800+5"]

1. d4 e6 2. Bf4 Nf6 3. e3 d5 4. Nf3 Bd6 5. Bg3 O-O 6. Nbd2 c5 7. c3 Nc6 8.
Ne5 cxd4 9. exd4 h6 10. Bd3 Bxe5 11. dxe5 Nd7 12. Qh5 Qb6 13. Rb1 f5 14.
exf6 Nxf6 15. Qg6 Ne7 16. O-O Nxg6 17. Bxg6 e5 18. Bxe5 Nd7 19. Bd4 Qxg6 20.
Nf3 Rxf3 {White resigns} 0-1